 Dungeon Crawl Stone Soup version 0.32-a0-921-g04a7ad8e02 (webtiles) character file.

Game seed: 9910849667564946653

16370 Nvm9 the Fighter (level 12, -45/97 HPs)
             Began as a Demonspawn Fighter on Apr 12, 2024.
             Was a High Priest of Qazlal.
             Annihilated by a titanic slime creature (90 damage)
             ... on level 12 of the Dungeon.
             The game lasted 00:25:18 (11940 turns).

Nvm9 the Fighter (Demonspawn Fighter)              Turns: 11940, Time: 00:25:19

Health: -45/97     AC: 18    Str: 28    XL:     12   Next: 9%
Magic:  13/13      EV:  8    Int: 13    God:    Qazlal [*****.]
Gold:   776        SH: 23    Dex: 17    Spells: 11/11 levels left

rFire   + . .        n - +3 spear "Usidiuqo" {elec, Str+3 Dex+4}
rCold   . . .        A - +2 kite shield {AC+3}
rNeg    . . .        H - +0 plate armour
rPois   .            (helmet restricted)
rElec   .            (no cloak)
rCorr   .            (no gloves)
SInv    .            u - +1 pair of boots of the Endless Friends {Int+5}
Will    +....        (no amulet) Stlth
                     L - ring "Pepeuck" {Fire Str+3}
HPRegen 0.36/turn    y - ring of protection from cold
MPRegen 0.13/turn

%: repel missiles
@: very slow
A: horns 1, repulsion field 2, foul stench 2, condensation shield, corrupting
presence 1, strong-willed 1, MP-powered wands
a: Renounce Religion, Upheaval, Elemental Force, Disaster Area


You were on level 12 of the Dungeon.
You worshipped Qazlal.
Qazlal was extremely pleased with you.
You visited 2 branches of the dungeon, and saw 13 of its levels.
You also visited: Sewer, Ossuary and Gauntlet.

You collected 776 gold pieces.

Inventory:

Hand Weapons
 a - a +1 war axe
 n - the +3 spear "Usidiuqo" (weapon) {elec, Str+3 Dex+4}
   (You found it on level 2 of the Dungeon)

   Str+3:     It affects your strength (+3).
   Dex+4:     It affects your dexterity (+4).
 o - a +4 war axe
 s - a +1 rapier of draining
 x - a +0 war axe
 z - a +3 vampiric spear
 F - a +1 whip of electrocution
 N - a +0 falchion
Missiles
 g - 2 javelins
 i - 3 atropa-tipped darts
 j - 38 poisoned darts (quivered)
 K - 6 silver javelins
Armour
 p - +0 acid dragon scales
 u - the +1 pair of boots of the Endless Friends (worn) {Int+5}
   (You found it in a Gauntlet)

   Int+5:     It affects your intelligence (+5).
 A - a +2 kite shield of protection (worn)
 H - a +0 plate armour (worn)
 I - a +0 pair of boots
 T - a +0 chain mail
Jewellery
 e - a ring of flight
 m - a ring of fire
 y - a ring of protection from cold (right hand)
 C - an amulet of reflection
 D - an amulet of reflection
 L - the ring "Pepeuck" (left hand) {Fire Str+3}
   (You found it in a Gauntlet)

   [ring of fire]

   Fire:      It enhances your fire magic.
   Str+3:     It affects your strength (+3).
   rF+:       It protects you from fire.
   rC-:       It makes you vulnerable to cold.
 U - a ring of positive energy
Wands
 c - a wand of polymorph (7)
 f - a wand of flame (38)
 t - a wand of iceblast (9)
 E - a wand of light (5)
 P - a wand of digging (8)
 Q - a wand of mindburst (11)
 S - a wand of charming (5)
Scrolls
 h - 3 scrolls of enchant weapon
 k - 21 scrolls of identify
 l - 3 scrolls of vulnerability
 q - 5 scrolls of teleportation
 v - a scroll of summoning
 B - 2 scrolls of immolation
 J - 2 scrolls of poison
 R - 2 scrolls of revelation
Potions
 b - a potion of enlightenment
 d - 4 potions of might
 r - a potion of mutation
 w - a potion of lignification
 O - a potion of heal wounds
Miscellaneous
 G - a sack of spiders
 M - a phantom mirror


   Skills:
 * Level 10.0 Fighting
 + Level 6.6(8.6) Axes
 * Level 8.4(9.4) Polearms
 - Level 5.6 Throwing
 + Level 6.7 Armour
 * Level 9.2 Shields
 * Level 2.0 Invocations


You had 11 spell levels left.
You didn't know any spells.
Your spell library contained the following spells:

 Spells                   Type           Power      Damage    Failure   Level
 Kiss of Death            Conj/Necr      0%         2d5       99%         1
 Sandblast                Erth           0%         2d4       99%         1
 Cigotuvi's Dreadful Rot  Necr/Alch/Air  0%         N/A       100%        2
 Lesser Beckoning         Tloc           0%         N/A       100%        2
 Call Canine Familiar     Summ           0%         N/A       100%        3
 Confusing Touch          Hex            0%         N/A       100%        3
 Dazzling Flash           Conj/Hex       0%         N/A       100%        3
 Frozen Ramparts          Ice            0%         1d1       100%        3
 Inner Flame              Hex/Fire       0%         N/A       100%        3
 Maxwell's Portable Pile  Tloc           0%         2d(5-13)  100%        3
 Ozocubu's Armour         Ice            0%         N/A       100%        3
 Passwall                 Erth           0%         N/A       100%        3
 Sigil of Binding         Hex            0%         N/A       100%        3
 Stone Arrow              Conj/Erth      0%         3d7       100%        3
 Teleport Other           Tloc           0%         N/A       100%        3
 Tukima's Dance           Hex            0%         N/A       100%        3
 Volatile Blastmotes      Fire/Tloc      0%         2d10      100%        3
 Brom's Barrelling Bould  Conj/Erth      0%         2d3       100%        4
 Dimensional Bullseye     Hex/Tloc       0%         N/A       100%        4
 Dispel Undead            Necr           0%         3d6       100%        4
 Ignite Poison            Fire/Alch      0%         N/A       100%        4
 Passage of Golubria      Tloc           0%         N/A       100%        4
 Vhi's Electric Charge    Tloc/Air       0%         N/A       100%        4
 Freezing Cloud           Conj/Ice/Air   0%         6-21      100%        5
 Irradiate                Conj/Alch      0%         3d11      100%        5
 Metabolic Englaciation   Hex/Ice        0%         N/A       100%        5
 Yara's Violent Unravell  Hex/Alch       0%         3d3       100%        5
 Bombard                  Conj/Erth      0%         9d1       100%        6
 Death Channel            Necr           0%         N/A       100%        6
 Sculpt Simulacrum        Ice/Alch       0%         N/A       100%        6
 Starburst                Conj/Fire      0%         6d3       100%        6
 Ignition                 Fire           0%         3d3       100%        8
 Maxwell's Capacitive Co  Air            0%         ∞         100%        8


Dungeon Overview and Level Annotations

Branches:
Dungeon (12/15)            Temple (1/1) D:5            Lair (0/5) D:9
  Sewer (visited)         Ossuary (visited)         Gauntlet (visited)
    Orc: D:9-12

Altars:
Ashenzari
Cheibriados
Dithmenos
Fedhas
Gozag
Hepliaklqana
Kikubaaqudgha
Makhleb
Nemelex Xobeh
Okawaru
Qazlal
Ru
Sif Muna
Trog
Uskayaw
Vehumet
Wu Jian
Xom
Yredelemnul

Portals:
Trove: D:11 (give +6 demon whip)


Innate Abilities, Weirdness & Mutations

You have a pair of small horns on your head.
You are surrounded by a moderate repulsion field. (EV +3)
You sometimes emit foul miasma when damaged in melee.
A meltable shield of frost defends you. (SH +4)
Your presence sometimes corrodes those you injure.
You are strong-willed. (Will+)
You expend magic power (3 MP) to strengthen your wands.


Message History

You hit the titanic slime creature.
The titanic slime creature is heavily wounded.
The titanic slime creature hits you!!!
Ouch! That really hurt!
You are too injured to fight recklessly!
You are too injured to fight recklessly!
You are too injured to fight recklessly!
Your unstable footing causes you to fumble your attack.
You block the titanic slime creature's attack.
You hit the titanic slime creature.
Your corrupting presence corrodes the titanic slime creature!
Lightning courses through the titanic slime creature!
You headbutt the titanic slime creature.
The titanic slime creature is severely wounded.
You hit the titanic slime creature.
The titanic slime creature is severely wounded.
You block the titanic slime creature's attack.
You hit the titanic slime creature.
The titanic slime creature is severely wounded.
You block the titanic slime creature's attack.
You hit the titanic slime creature.
You headbutt the titanic slime creature, but do no damage.
The titanic slime creature is severely wounded.
You block the titanic slime creature's attack.
You puncture the titanic slime creature!
The titanic slime creature seems to be corroded for longer.
Lightning courses through the titanic slime creature!
You headbutt the titanic slime creature, but do no damage.
The titanic slime creature is severely wounded.
You puncture the titanic slime creature!
You headbutt the titanic slime creature!
The titanic slime creature is almost dead.
You block the titanic slime creature's attack.
You puncture the titanic slime creature!
The titanic slime creature seems to be corroded for longer.
You headbutt the titanic slime creature.
The titanic slime creature is almost dead.
The titanic slime creature hits you!!!!
Ouch! That really hurt!
You die...

##########..#
♣~~.♣ ..# ♣♣.P♣
###### .♣# ♣~♣♣
...... ..
♣♣♣.♣♣♣♣♣♣.
......
..P♣♣♣.~~~~PP~P.
......
..)~...~..~.~...
......
..♣♣PP~~°~PP.P♣.
......
♣♣♣♣○~~♣♣♣♣♣
...... ♣P@♣♣
......


♣PJP♣ ...... ♣♣.♣♣ ...... ~.♣ ...... ... ###### .... ..... ...... You could see
a titanic slime creature (corroded).

Vanquished Creatures
  Rupert (D:12)
  A minotaur (Gauntlet)
  Pikel (D:8)
  2 ugly things
  Joseph (D:7)
  An unseen horror (D:10)
  2 trolls
  A raiju (Gauntlet)
  A wolf spider simulacrum (Gauntlet)
  A centaur simulacrum (Gauntlet)
  3 slime creatures (D:12)
  A shadow (D:5)
  2 wyverns
  A wraith (D:10)
  10 yaks
  6 steam dragons
  8 vampire mosquitoes
  2 chaos spawn (Gauntlet)
  An acid dragon (D:9)
  3 water moccasins
  5 orc warriors
  2 ice beasts
  3 sky beasts
  An ice dragon simulacrum (Gauntlet)
  A black bear (D:7)
  3 ogres
  12 centaurs
  2 lemures (D:8)
  3 kobold brigands
  7 bullfrogs
  A gnoll sergeant (D:6)
  A scorpion (D:4)
  9 wights
  27 killer bees
  4 bombardier beetles
  6 electric eels
  2 howler monkeys
  3 orc priests
  3 human zombies (Ossuary)
  4 jellies
  A gnoll bouda (D:6)
  6 hounds
  3 sleepcaps
  12 orc wizards
  A hell rat (Sewer)
  8 iguanas
  3 hound zombies (Ossuary)
  2 mummies (Ossuary)
  5 adders
  10 gnolls (D:6)
  2 river rats (Sewer)
  2 shadow imps (D:7)
  2 white imps
  An ufetubus (D:5)
  6 adder zombies
  4 dart slugs
  29 orcs
  5 ball pythons
  3 bats
  8 endoplasms
  5 giant cockroaches
  8 goblins
  5 hobgoblins
  13 kobolds
  11 quokkas
  7 gnoll zombies (Ossuary)
  3 jackal zombies (Ossuary)
  8 kobold zombies (Ossuary)
  8 orc zombies (Ossuary)
  A quokka zombie (D:2)
  10 rats
340 creatures vanquished.

Vanquished Creatures (others)
  4 orcs (D:7)
4 creatures vanquished.

Grand Total: 344 creatures vanquished

Notes
Turn   | Place    | Note
-------+----------+-------------------------------------------
     0 | D:1      | Nvm9 the Demonspawn Fighter began the quest for the Orb.
     0 | D:1      | Reached XP level 1. HP: 18/18 MP: 1/1
     0 | D:1      | Noticed a human
     0 | D:1      | Noticed a dwarf
     1 | D:1      | Noticed a naga
     4 | D:1      | Noticed a vampire
     4 | D:1      | Noticed a demigod
     7 | D:1      | Noticed a dwarf
    11 | D:1      | Noticed a demigod
    13 | D:1      | Noticed an oni
    13 | D:1      | Noticed a djinni
    15 | D:1      | Noticed a naga
    15 | D:1      | Noticed a troll
    17 | D:1      | Noticed a human
    19 | D:1      | Noticed a draconian
   197 | D:1      | Found a faded altar of an unknown god.
   307 | D:1      | Gained mutation: You are surrounded by a mild repulsion
                  | field. (EV +2) [demonic ancestry]
   307 | D:1      | Reached XP level 2. HP: 24/24 MP: 2/2
   678 | D:2      | Reached XP level 3. HP: 23/29 MP: 3/3
   872 | D:2      | Found the +6 shillelagh "Devastator" {shatter}
   884 | D:2      | Identified the +3 spear "Usidiuqo" {elec, Str+3 Dex+4}
  1239 | D:3      | Reached XP level 4. HP: 33/35 MP: 4/4
  1945 | D:4      | Reached skill level 1 in Polearms
  1979 | D:4      | Noticed a scorpion
  1991 | D:4      | Killed a scorpion
  1992 | D:4      | Gained mutation: You are surrounded by a moderate repulsion
                  | field. (EV +3) [demonic ancestry]
  1992 | D:4      | Reached XP level 5. HP: 33/42 MP: 5/5
  2205 | D:4      | Reached skill level 4 in Fighting
  2216 | D:4      | Found a glowing drain.
  2227 | D:4      | Reached skill level 1 in Throwing
  2229 | Sewer    | Entered a sewer
  2499 | D:4      | Gained mutation: A meltable shield of frost defends you.
                  | (SH +4) [demonic ancestry]
  2499 | D:4      | Reached XP level 6. HP: 48/48 MP: 6/6
  2587 | D:4      | Identified the +1 robe of a Gauntlet {rPois Int+7 Dex-2}
  2670 | D:5      | Entered Level 5 of the Dungeon
  2678 | D:5      | Noticed a sky beast
  2698 | D:5      | Killed a sky beast
  2768 | D:5      | Gained mutation: You may rarely emit foul miasma when
                  | damaged in melee. [demonic ancestry]
  2768 | D:5      | Reached XP level 7. HP: 55/55 MP: 7/7
  2884 | D:5      | Found a staircase to the Ecumenical Temple.
  2913 | Temple   | Entered the Ecumenical Temple
  2933 | Temple   | Became a worshipper of Qazlal Stormbringer
  3142 | D:5      | Reached skill level 5 in Fighting
  3306 | D:5      | Gained mutation: You have hidden genetic potential. [potion
                  | of mutation]
  3540 | D:6      | Found a sand-covered staircase.
  3549 | Ossuary  | Entered an ossuary
  3600 | Ossuary  | Reached XP level 8. HP: 62/62 MP: 8/8
  3602 | Ossuary  | Reached * piety under Qazlal
  3850 | Ossuary  | Reached skill level 5 in Shields
  3991 | D:6      | Gained mutation: You are strong-willed. (Will+) [hidden
                  | potential]
  4010 | D:6      | Reached ** piety under Qazlal
  4225 | D:6      | Reached skill level 6 in Fighting
  4554 | D:6      | Found a basalt altar of Yredelemnul.
  4554 | D:6      | Found a shadowy altar of Dithmenos.
  4554 | D:6      | Found an ancient bone altar of Kikubaaqudgha.
  4563 | D:6      | Reached XP level 9. HP: 69/69 MP: 9/9
  4569 | D:6      | Found a hide-covered altar of Uskayaw.
  4804 | D:6      | Gained mutation: You expend magic power (3 MP) to
                  | strengthen your wands. [hidden potential]
  4804 | D:6      | Lost mutation: You have hidden genetic potential. [hidden
                  | potential expressed]
  5199 | D:7      | Noticed Joseph
  5214 | D:7      | Killed Joseph
  5215 | D:7      | Reached skill level 5 in Polearms
  5345 | D:7      | Reached skill level 5 in Armour
  5391 | D:7      | Reached skill level 7 in Fighting
  5469 | D:7      | Reached *** piety under Qazlal
  5470 | D:7      | Reached skill level 5 in Axes
  5622 | D:7      | Gained mutation: You have a pair of small horns on your
                  | head. [demonic ancestry]
  5622 | D:7      | Reached XP level 10. HP: 79/79 MP: 10/10
  5777 | D:7      | Found a burning altar of Makhleb.
  5777 | D:7      | Noticed an Executioner
  5780 | D:7      | Noticed an orange demon
  6272 | D:8      | Noticed Pikel
  6292 | D:8      | Killed Pikel
  6362 | D:8      | Identified the +0 plate armour of Parts Unknown {rC++
                  | Slay-2}
  6552 | D:8      | Reached skill level 8 in Fighting
  7902 | D:8      | Reached **** piety under Qazlal
  8008 | D:9      | Found a staircase to the Lair.
  8210 | D:9      | Gained mutation: You sometimes emit foul miasma when
                  | damaged in melee. [demonic ancestry]
  8210 | D:9      | Reached XP level 11. HP: 87/87 MP: 11/11
  8346 | D:10     | Entered Level 10 of the Dungeon
  8458 | D:10     | Reached skill level 5 in Throwing
  8557 | D:10     | Reached skill level 9 in Fighting
  9335 | D:11     | Found a gate leading to a gauntlet.
  9355 | Gauntlet | Entered a Gauntlet
  9355 | Gauntlet | Found a transporter.
  9355 | Gauntlet | Found a transporter.
  9360 | Gauntlet | Found a transporter.
  9360 | Gauntlet | Found a transporter.
  9370 | Gauntlet | Found a transporter.
  9418 | Gauntlet | Found a transporter.
  9438 | Gauntlet | Found a transporter.
  9454 | Gauntlet | Found a transporter.
  9477 | Gauntlet | Found a transporter.
  9515 | Gauntlet | Noticed a fire crab
  9586 | Gauntlet | Found a transporter.
  9592 | Gauntlet | Found a large runed translucent door.
  9593 | Gauntlet | Found a large runed translucent door.
  9594 | Gauntlet | Found a transporter.
  9597 | Gauntlet | Found a runed translucent gate.
  9601 | Gauntlet | Found a transporter.
  9604 | Gauntlet | Found a runed translucent gate.
  9604 | Gauntlet | Found a runed translucent gate.
  9607 | Gauntlet | Found a large runed translucent door.
  9608 | Gauntlet | Found a large runed translucent door.
  9610 | Gauntlet | Found a large runed translucent door.
  9610 | Gauntlet | Found a large runed translucent door.
  9611 | Gauntlet | Found a large runed translucent door.
  9611 | Gauntlet | Found a large runed translucent door.
  9620 | Gauntlet | Found a large runed translucent door.
  9620 | Gauntlet | Found a large runed translucent door.
  9620 | Gauntlet | Found a runed translucent door.
  9620 | Gauntlet | Found a runed translucent door.
  9621 | Gauntlet | Found a large runed translucent door.
  9642 | Gauntlet | Found a large runed translucent door.
  9642 | Gauntlet | Found a large runed translucent door.
  9644 | Gauntlet | Found a large runed translucent door.
  9646 | Gauntlet | Found a large runed translucent door.
  9648 | Gauntlet | Found a transporter.
  9653 | Gauntlet | Noticed a death scarab
  9682 | Gauntlet | Found a transporter.
  9708 | Gauntlet | Identified the ring "Pepeuck" {Fire Str+3}
  9718 | Gauntlet | Found a transporter.
  9828 | Gauntlet | Found a transporter.
  9844 | Gauntlet | Found a large runed translucent door.
  9872 | Gauntlet | Identified the +1 pair of boots of the Endless Friends
                  | {Int+5}
 10119 | Gauntlet | Noticed a minotaur
 10136 | Gauntlet | Killed a minotaur
 10537 | D:11     | Noticed a cyan ugly thing
 10558 | D:11     | Killed a cyan ugly thing
 10647 | D:11     | Found a portal to a secret trove of treasure.
 11283 | D:12     | Reached ***** piety under Qazlal
 11619 | D:12     | Noticed Rupert
 11656 | D:12     | Killed Rupert
 11657 | D:12     | Reached skill level 10 in Fighting
 11657 | D:12     | Reached skill level 1 in Invocations
 11657 | D:12     | Gained mutation: Your presence sometimes corrodes those you
                  | injure. [demonic ancestry]
 11657 | D:12     | Reached XP level 12. HP: 83/97 MP: 11/13
 11857 | D:12     | Found the +4 skin of Zhor {*Englaciate rC+++ SInv}
 11940 | D:12     | Annihilated by a titanic slime creature

Illustrated notes

Levels and vault maps discovered:
D:1:      shiori_arrival_whats_in_store_for_you, layout_basic,
          shapermc_ecumenical_altar_acropolis
D:2:      layout_rooms, serial_undead, serial_undead_b, serial_undead_f,
          serial_undead_d, serial_undead_e, roderic_lattice_a
D:3:      layout_basic
D:4:      layout_rooms, gup_sewer_entry_pipe, abandoned_shop
D:5:      layout_rooms, minmay_temple_entry_crystal_x, serial_rivers,
          chequers_serial_rivers_small_b, chequers_serial_rivers_small_a,
          chequers_serial_rivers_large_a, chequers_serial_rivers_room_a,
          chequers_serial_rivers_marsh, chequers_serial_rivers_micro_b
D:6:      layout_loops_ring, minmay_overflow_temple_hex,
          mainiacjoe_ossuary_entry_dusty_tomb, minmay_fractal_squares_diagonal_5
D:7:      minmay_s_stair_smasher, layout_loops_ring, makhleb_altar_promises_db,
          uniq_joseph
D:8:      layout_loops_ring, hangedman_glass_teeth, nicolae_underground_beach,
          uniq_pikel
D:9:      layout_rooms, lair_entry_dummy
D:10:     layout_basic, kennysheep_minor_cross
D:11:     layout_stronghold, gauntlet_entry_generic,
          nicolae_trove_entry_free_sample, chequers_serial_rivers_micro_e
D:12:     gammafunk_indiana_jones, layout_long_grid, serial_bayou,
          serial_bayou_crossing, serial_bayou_lagoon_a, serial_bayou_lake_a,
          serial_bayou_pond_d, hellmonk_guarded_unrand_zhor, uniq_rupert
Temple:   nicolae_temple_no_exploring_needed

Skill      XL: |  1  2  3  4  5  6  7  8  9 10 11 12 |
---------------+-------------------------------------+-----
Axes           | 2 3 4 5 6 |  6.6
Armour         | 3 4 5 6 |  6.7
Shields        | 3 4 5 6 7 9 |  9.2
Polearms       | 1 2 3 4 5 7 8 |  8.4
Fighting       | 4 5 6 7 8 10 | 10.0
Throwing       | 1 2 3 4 5 |  5.6
Invocations    | 1 2 |  2.0

Action                     |  1- 3 |  4- 6 |  7- 9 | 10-12 || total
---------------------------+-------+-------+-------+-------++-------
  Melee: War axe           |    57 |       |       |       ||    57
         Spear             |    38 |   181 |   425 |   641 ||  1285
         Headbutt          |       |       |       |   127 ||   127
  Throw: Dart              |       |       |       |     9 ||     9
    Use: Scroll            |       |     9 |     1 |     3 ||    13
         Potion            |       |     6 |     4 |     4 ||    14
 Armour: Scale mail        |    54 |    14 |       |       ||    68
         Chain mail        |       |    79 |   166 |    44 ||   289
         Plate armour      |       |       |       |   210 ||   210
  Dodge: Dodged            |    42 |    57 |    82 |    96 ||   277
         Repelled          |       |       |       |    21 ||    21
  Block: Buckler           |    16 |    39 |    99 |       ||   154
         Kite shield       |       |       |   167 |   614 ||   781

Table legend: (Time is in decaauts)
 A = Elapsed time spent in this place.
 B = Non-inter-level travel time spent in this place.
 C = Inter-level travel time spent in this place.
 D = Time resting spent in this place.
 E = Time spent auto-exploring this place.
 F = Levels seen in this place.
 G = Mean time per level.
                   A        B        C        D        E       F      G
               +--------+--------+--------+--------+--------+-----+--------+
         Total |  11805 |  11598 |    207 |   2126 |   6166 |  16 |  737.8 |
       Dungeon |  10513 |  10315 |    198 |   1881 |   6041 |  12 |  876.1 |
        Temple |     29 |     20 |      9 |      0 |      0 |   1 |   29.0 |
         Sewer |    146 |    146 |      0 |      0 |     69 |   1 |  146.0 |
       Ossuary |    352 |    352 |      0 |     50 |     56 |   1 |  352.0 |
      Gauntlet |    763 |    763 |      0 |    194 |      0 |   1 |  763.0 |
               +--------+--------+--------+--------+--------+-----+--------+

Top non-repeatable levels by time:
     D:8: 1566 daAuts
     D:6: 1337 daAuts
    D:11: 1073 daAuts
     D:7: 1035 daAuts
    D:10: 976 daAuts
     D:5: 798 daAuts
Gauntlet: 763 daAuts
     D:3: 763 daAuts
    D:12: 675 daAuts
     D:2: 619 daAuts
     D:4: 613 daAuts
     D:1: 555 daAuts
     D:9: 497 daAuts
 Ossuary: 352 daAuts
   Sewer: 146 daAuts
